 Dungeon Crawl Stone Soup version 0.30-a0-218-gedb9141078 (webtiles) character file.

Game seed: 17025218236695397998

4600 billz999 the Covert (level 10, -7/63 HPs)
             Began as a Vampire Earth Elementalist on Oct 6, 2022.
             Was an Initiate of Gozag.
             Mangled by a two-headed ogre
             ... wielding a +0 giant club
              (15 damage)
             ... on level 8 of the Dungeon.
             The game lasted 00:31:36 (11233 turns).

billz999 the Covert (Vampire Earth Elementalist)   Turns: 11233, Time: 00:31:38

Health: -7/63      AC:  9    Str:  7    XL:     10   Next: 19%
Magic:  16/20      EV: 12    Int: 33    God:    Gozag
Gold:   232        SH:  0    Dex: 16    Spells: 6/23 levels left

rFire   . . .      SeeInvis +    K - +3 dagger
rCold   . . .      Faith    .    (no shield)
rNeg    . . .      Spirit   .    a - +0 robe
rPois   .          Reflect  .    t - +2 hat
rElec   .          Harm     .    I - +1 cloak
rCorr   .          Rampage  .    (no gloves)
Will    +....                    J - +2 pair of boots
Stlth   +++++.....               (no amulet)
HPRegen 0.50/turn                F - +6 ring of intelligence
MPRegen 0.17/turn                j - +6 ring of intelligence

@: healing quickly
A: alive, fangs 3, see invisible, vampiric 2
a: Exsanguinate, Renounce Religion, Potion Petition, Call Merchant, Bribe Branch


You were on level 8 of the Dungeon.
You worshipped Gozag.
Gozag was aware of your devotion.
You visited 1 branch of the dungeon, and saw 8 of its levels.

You collected 1212 gold pieces.
You spent 936 gold pieces at shops.
You paid 44 gold pieces to Gozag.

Inventory:

Hand Weapons
 c - a +0 short sword
 h - a +1 dagger of protection
 z - a +1 short sword
 K - a +3 dagger (weapon)
Missiles
 p - 20 poisoned darts
 L - a throwing net
Armour
 a - a +0 robe (worn)
 t - a +2 hat (worn)
 I - a +1 cloak (worn)
 J - a +2 pair of boots (worn)
Magical Staves
 o - a staff of poison
Jewellery
 j - a +6 ring of intelligence (right hand)
 k - a ring of ice
 y - the ring of Desmuduo {Str+4 Int-3 Dex+6 Slay+2}
   (You found it on level 5 of the Dungeon)

   [ring of dexterity]

   Str:       It affects your strength (+4).
   Int:       It affects your intelligence (-3).
   Dex:       It affects your dexterity (+6).
   Slay:      It affects your accuracy & damage with ranged weapons and melee
   (+2).
 F - a +6 ring of intelligence (left hand)
 G - a +4 ring of protection
Wands
 q - a wand of charming (24)
 H - a wand of flame (27)
Scrolls
 e - a scroll of vulnerability
 f - a scroll of summoning {unknown}
 m - 5 scrolls of immolation
 n - 4 scrolls of identify
 s - a scroll of amnesia
 u - a scroll of fear {unknown}
 x - a scroll of magic mapping {unknown}
 A - 3 scrolls of poison {unknown}
 E - a scroll of acquirement {unknown}
Potions
 b - a potion of magic
 d - a potion of ambrosia
 g - 2 potions of brilliance {unknown}
 i - 3 potions of curing
 l - a potion of degeneration {unknown}
 r - 3 potions of invisibility {unknown}
 v - a potion of lignification {unknown}
 w - a potion of berserk rage {unknown}
 B - 3 potions of attraction {unknown}
 C - a potion of might {unknown}


   Skills:
 - Level 2.5 Dodging
 - Level 11.1 Stealth
 - Level 7.0 Spellcasting
 + Level 10.7 Transmutations
 - Level 6.0 Earth Magic


You had 6 spell levels left.
You knew the following spells:

 Your Spells              Type           Power      Damage    Failure   Level
a - Sandblast             Erth           100%       2d20      1%          1
b - Petrify               Tmut/Erth      61%        N/A       1%          4
c - Blade Hands           Tmut           35%        N/A       1%          5
d - Dragon Form           Tmut           35%        N/A       38%         7

Your spell library contained the following spells:

 Spells                   Type           Power      Damage    Failure   Level
 Passwall                 Tmut/Erth      50%        N/A       1%          2
 Apportation              Tloc           22%        N/A       3%          1
 Magic Dart               Conj           44%        1d5       3%          1
 Necrotise                Necr           44%        1d6       3%          1
 Summon Small Mammal      Summ           44%        N/A       3%          1
 Stone Arrow              Conj/Erth      62%        3d10      3%          3
 Searing Ray              Conj           22%        2d5       6%          2
 Irradiate                Conj/Tmut      23%        3d19      12%         5
 Fulminant Prism          Conj/Hex       5%         3d7       36%         4


Dungeon Overview and Level Annotations

Branches:
Dungeon (8/15)             Temple (0/1) D:6
   Lair: D:8-11

Altars:
Gozag
Nemelex Xobeh
Ru
Sif Muna
Uskayaw
Vehumet
Wu Jian

Shops:
D:6 =   D:8 :

Annotations:
D:7 1 transporter


Innate Abilities, Weirdness & Mutations

Your natural rate of healing is accelerated.
You have razor-sharp teeth.
You have supernaturally acute eyesight. (SInv)
You are afflicted with vampirism and can become a bat while bloodless.


Message History

You strike the helpless orc from behind!
You impale the orc!!
You kill the orc!
Casting: Petrify (dangerous; 1% risk of failure)
Confirm with . or Enter, or press ? or * to list all spells.
Aiming: Petrify (dangerous; 1% risk of failure)
Press: ? - help, Shift-Dir - straight line, f - two-headed ogre
Aim: a two-headed ogre, wielding two +0 giant clubs (chance to affect: 60%)
The two-headed ogre resists with significant effort.
The two-headed ogre hits you with a +0 giant club!!
The two-headed ogre misses you.
Unknown command.
The two-headed ogre attacks as you move away!
The two-headed ogre hits you but does no damage.
The two-headed ogre closely misses you.
Casting: Petrify (dangerous; 1% risk of failure)
Confirm with . or Enter, or press ? or * to list all spells.
Aiming: Petrify (dangerous; 1% risk of failure)
Press: ? - help, Shift-Dir - straight line, f/p - two-headed ogre
Aim: a two-headed ogre, wielding two +0 giant clubs (chance to affect: 60%)
The two-headed ogre resists with significant effort.
The two-headed ogre attacks as you move away!
The two-headed ogre barely misses you. The two-headed ogre closely misses you.
The two-headed ogre attacks as you move away!
The two-headed ogre hits you with a +0 giant club!
The two-headed ogre hits you with a +0 giant club!!
* * * LOW HITPOINT WARNING * * *
A water moccasin comes into view.
Okay, then.
You are confused.
You feel invigorated.
The water moccasin hisses angrily.
The water moccasin barely misses you.
You feel better.
You feel less invigorated.
The water moccasin bites you but does no damage.
The two-headed ogre hits you with a +0 giant club!
* * * LOW HITPOINT WARNING * * *
The two-headed ogre hits you with a +0 giant club!
You die...
Your body crumbles into a pile of gold.

# ........8.# #
...8......# ...# #
.....$...+ ...#
#####..!/(..#####...#
....+...$.......#...#
....#......8....#...#
....#.8.$......K#...#
#...# #$#######S..# #...#
#......O@...# #...#
#......c....# #...#
#.K.........#
#...#####...######+#######
#...........# ........#
'...........# #[#
#...........# ######(#
############# #......#
#################
#.#######


You could see a two-headed ogre, a yaktaur, a water moccasin and a kobold
brigand (wandering).

Vanquished Creatures
  Erica (D:8)
  Pikel (D:8)
  2 wyverns
  A shadow (D:7)
  An ice beast (D:6)
  A sky beast (D:8)
  An orc warrior (D:8)
  4 water moccasins
  2 black bears
  2 ogres
  A lemure (D:8)
  3 bullfrogs
  A scorpion (D:4)
  11 wights
  7 killer bees (D:8)
  4 orc priests
  2 jellies
  4 hounds
  An iguana (D:6)
  7 orc wizards
  A mummy (D:5)
  4 gnolls
  13 adders
  3 shadow imps
  2 white imps
  2 ufetubi
  2 worms (D:2)
  2 dart slugs
  19 orcs
  8 ball pythons
  8 endoplasms
  4 giant cockroaches
  8 hobgoblins
  6 jackals
  4 quokkas
  9 bats
  7 goblins
  2 hobgoblin zombies (D:5)
  6 kobolds
  2 kobold zombies (D:5)
  25 rats
194 creatures vanquished.

Vanquished Creatures (collateral kills)
  2 wights
  A hound (D:6)
  A gnoll (D:6)
4 creatures vanquished.

Vanquished Creatures (others)
  A scorpion (D:6)
  A wight (D:7)
2 creatures vanquished.

Grand Total: 200 creatures vanquished

Notes
Turn   | Place    | Note
-------+----------+-------------------------------------------
     0 | D:1      | billz999 the Vampire Earth Elementalist began the quest for
                  | the Orb.
     0 | D:1      | Reached XP level 1. HP: 13/13 MP: 3/3
   174 | D:1      | Reached XP level 2. HP: 19/19 MP: 1/5
   627 | D:1      | Reached skill level 4 in Stealth
   645 | D:1      | Gained mutation: You are afflicted with vampirism and can
                  | become a bat while bloodless. [Vampire growth]
   645 | D:1      | Reached XP level 3. HP: 24/24 MP: 3/6
  1390 | D:2      | Reached skill level 5 in Stealth
  1515 | D:2      | Reached XP level 4. HP: 24/30 MP: 2/7
  1669 | D:2      | Found a faded altar of an unknown god.
  1725 | D:2      | Reached skill level 6 in Stealth
  2321 | D:3      | Reached skill level 7 in Stealth
  2378 | D:3      | Reached XP level 5. HP: 35/35 MP: 8/8
  2463 | D:3      | You fall into a shaft and drop 3 floors!
  2504 | D:6      | Found a hide-covered altar of Uskayaw.
  2507 | D:6      | Found an ornate altar of the Wu Jian Council.
  2507 | D:6      | Found an opulent altar of Gozag.
  2512 | D:6      | Found a radiant altar of Vehumet.
  2517 | D:6      | Became a worshipper of Gozag Ym Sagoz the Greedy
  2524 | D:5      | Entered Level 5 of the Dungeon
  2952 | D:4      | Reached skill level 8 in Stealth
  3107 | D:4      | Reached skill level 9 in Stealth
  3268 | D:4      | Noticed an ogre
  3289 | D:4      | Killed an ogre
  3290 | D:4      | Reached XP level 6. HP: 37/41 MP: 0/9
  3393 | D:4      | Reached skill level 10 in Stealth
  3776 | D:4      | Learned a level 4 spell: Petrify
  4159 | D:5      | Identified the ring of Desmuduo {Str+4 Int-3 Dex+6 Slay+2}
  4229 | D:5      | Reached XP level 7. HP: 46/46 MP: 6/10
  5151 | D:6      | Reached skill level 5 in Transmutations
  5293 | D:6      | Reached XP level 8. HP: 52/52 MP: 11/11
  5476 | D:6      | Reached skill level 5 in Earth Magic
  5636 | D:6      | Learned a level 5 spell: Blade Hands
  5747 | D:6      | Found a staircase to the Ecumenical Temple.
  6253 | D:6      | Found Sonojohi's Jewellery Boutique.
  6257 | D:6      | Bought a +6 ring of intelligence for 468 gold pieces
  6325 | D:6      | Found a shimmering blue altar of Sif Muna.
  6684 | D:7      | Reached XP level 9. HP: 57/57 MP: 15/15
  6954 | D:7      | Reached skill level 5 in Spellcasting
  7957 | D:7      | Found a sparkling altar of Nemelex Xobeh.
  7957 | D:7      | Found a transporter.
  7957 | D:7      | Noticed a gargoyle
  9230 | D:8      | Found Itihezat's Book Shoppe.
  9267 | D:8      | Noticed Pikel
  9291 | D:8      | Killed Pikel
  9371 | D:8      | Noticed Erica
  9398 | D:8      | Killed Erica
  9924 | D:7      | Found a sparkling altar of Nemelex Xobeh.
 10039 | D:8      | Reached skill level 10 in Transmutations
 10411 | D:8      | Found a sacrificial altar of Ru.
 10436 | D:8      | Reached XP level 10. HP: 59/60 MP: 5/20
 10857 | D:8      | Reached skill level 11 in Stealth
 10937 | D:8      | Learned a level 7 spell: Dragon Form
 11065 | D:6      | Bought a +6 ring of intelligence for 468 gold pieces
 11218 | D:8      | Noticed a two-headed ogre
 11233 | D:8      | Mangled by a two-headed ogre

Illustrated notes

Levels and vault maps discovered:
D:1:      minmay_arrival_hallway, layout_basic
D:2:      layout_loops_ring, hellmonk_ecumenical_altar_blasted
D:3:      layout_basic
D:4:      layout_loops_cross, minmay_rat_hole
D:5:      nicolae_cairo_tiling_very_big, layout_loops_corners,
          minmay_mini_ossuary
D:6:      layout_loops_corners, lemuel_coloured_pillars_altar,
          grunt_temple_overflow_open, minmay_temple_entry_statues_fountains,
          minmay_shop_enchanted_jewellery, dreamdust_gnoll_farm
D:7:      layout_cave_pools, grunt_nemelex_the_gamble, serial_column_ruins,
          column_ruins_columns_straight, column_ruins_open_tiny,
          column_ruins_grid_1, corexii_checkpoint_b
D:8:      kennysheep_blocky_room, layout_basic, nicolae_overflow_hidden_temple,
          serial_shops, shop, uniq_pikel, uniq_erica

Skill      XL: |  1  2  3  4  5  6  7  8  9 10 |
---------------+-------------------------------+-----
Stealth        | 4 5 7 9 10 11 | 11.1
Transmutations | 3 5 8 10 | 10.7
Earth Magic    | 4 6 |  6.0
Spellcasting   | 4 7 |  7.0
Dodging        | |  2.5

Action                   |  1- 3 |  4- 6 |  7- 9 | 10-12 || total
-------------------------+-------+-------+-------+-------++-------
Melee: Falchion          |     7 |    67 |       |       ||    74
       Bite              |     2 |     5 |    15 |     1 ||    23
       Short sword       |       |     7 |    21 |       ||    28
       Broad axe         |       |     1 |     7 |       ||     8
       Dagger            |       |       |    92 |    21 ||   113
       Punch             |       |       |     3 |       ||     3
 Cast: Sandblast         |    57 |    89 |   105 |     3 ||   254
       Petrify           |       |       |    34 |    17 ||    51
Evoke: Wand              |       |     2 |     6 |     4 ||    12
  Use: Scroll            |       |     5 |     1 |       ||     6
       Potion            |       |     3 |     3 |     2 ||     8
 Stab: Sleeping          |     2 |    12 |    12 |       ||    26
       Petrified         |       |       |    29 |    12 ||    41
       Invisible         |       |       |     3 |       ||     3
       Petrifying        |       |       |     3 |     1 ||     4
       Distracted        |       |       |       |     1 ||     1
Armor: Robe              |    10 |    44 |    66 |    12 ||   132
Dodge: Dodged            |    16 |    95 |    94 |    26 ||   231

Table legend: (Time is in decaauts)
 A = Elapsed time spent in this place.
 B = Non-inter-level travel time spent in this place.
 C = Inter-level travel time spent in this place.
 D = Time resting spent in this place.
 E = Time spent auto-exploring this place.
 F = Levels seen in this place.
 G = Mean time per level.
                   A        B        C        D        E       F      G
               +--------+--------+--------+--------+--------+-----+--------+
         Total |  11392 |  10484 |    908 |   1058 |   7686 |   8 | 1424.0 |
       Dungeon |  11392 |  10484 |    908 |   1058 |   7686 |   8 | 1424.0 |
               +--------+--------+--------+--------+--------+-----+--------+

Top non-repeatable levels by time:
     D:6: 2268 daAuts
     D:7: 1915 daAuts
     D:8: 1405 daAuts
     D:1: 1283 daAuts
     D:3: 1257 daAuts
     D:5: 1234 daAuts
     D:4: 1088 daAuts
     D:2: 940 daAuts
